[ PARTIDA AOE2 · #473462666 ]
1v1 RMJaponeses vs Vietnamese
Equipo del jugador · VICT
[ ANÁLISIS DE REPETICIÓN · EXTRAÍDO DE LA PARTIDA GRABADA ]
Feudal
10:10
Castillos
22:48
Imperial
42:01
| APM promedio | 50.4 |
| APM pico | 84 |
| eAPM promedio | 27.8 |
| Aldeanos / militares | 137 / 367 |
Foco
⚔️ 30.6% · 🌾 69.4%
Scout Cavalry ×244 · Spearman ×56 · Skirmisher ×17 · Archer ×14 · Knight ×10 · Mangonel ×6
Feudal
9:53
Castillos
25:38
Imperial
43:23
| APM promedio | 38.3 |
| APM pico | 93 |
| eAPM promedio | 24.2 |
| Aldeanos / militares | 331 / 168 |
Foco
⚔️ 31.9% · 🌾 68.1%
Rattan Archer ×77 · Knight ×44 · Scout Cavalry ×28 · Skirmisher ×8 · Mangonel ×8 · Militia ×3
Mapa de la partida
Recursos iniciales + cada clic de construcción. Líneas = muros · curvas = relieve. ◆ oro · ⬟ piedra · ● bayas · ✦ reliquia · ◌ hueco del cierre
Tu base· Abierta — flanco sin cerrar
Base de elajoloterana· Abierta — flanco sin cerrar
Terreno inicial suavizado · ◌ = hueco del cierre detectado · pasá el cursor para detalles
Inputs por minuto
— feren - - elajoloterana
Build order — feren
Primeras 150 de 569 acciones detectadas
| 0:02 | Construir | House |
| 0:03 | Construir | House |
| 0:04 | Crear | Villager (Male) |
| 0:04 | Crear | Villager (Male) |
| 0:23 | Crear | Villager (Male) |
| 0:24 | Crear | Villager (Male) |
| 1:26 | Crear | Villager (Male) |
| 1:58 | Crear | Villager (Male) |
| 2:19 | Construir | Lumber Camp |
| 2:32 | Crear | Villager (Male) |
| 2:45 | Crear | Villager (Male) |
| 3:02 | Construir | House |
| 3:15 | Crear | Villager (Male) |
| 3:40 | Crear | Villager (Male) |
| 4:21 | Crear | Villager (Male) |
| 4:21 | Crear | Villager (Male) |
| 4:49 | Crear | Villager (Male) |
| 4:52 | Construir | Mill |
| 5:11 | Crear | Villager (Male) |
| 5:41 | Crear | Villager (Male) |
| 5:41 | Crear | Villager (Male) |
| 6:06 | Crear | Villager (Male) |
| 6:36 | Construir | Mill |
| 6:39 | Investigar | Loom |
| 8:00 | Investigar | Feudal Age |
| 8:19 | Construir | Barracks |
| 8:33 | Construir | Palisade Wall |
| 9:13 | Construir | House |
| 9:19 | Construir | House |
| 9:23 | Crear | Villager (Male) |
| 9:24 | Crear | Villager (Male) |
| 9:32 | Construir | Mining Camp |
| 10:10 | Edad | Edad Feudal |
| 10:13 | Construir | Archery Range |
| 10:27 | Construir | Lumber Camp |
| 10:30 | Crear | Villager (Male) |
| 11:04 | Construir | Palisade Wall |
| 11:09 | Crear | Archer |
| 11:10 | Crear | Archer |
| 11:12 | Construir | House |
| 11:23 | Crear | Archer |
| 11:33 | Crear | Villager (Male) |
| 11:55 | Crear | Villager (Male) |
| 11:58 | Crear | Archer |
| 12:31 | Construir | House |
| 12:33 | Construir | Palisade Wall |
| 13:13 | Crear | Archer |
| 13:13 | Crear | Archer |
| 13:32 | Crear | Archer |
| 13:42 | Construir | Blacksmith |
| 13:53 | Crear | Archer |
| 14:05 | Crear | Archer |
| 14:39 | Crear | Archer |
| 14:39 | Crear | Archer |
| 14:44 | Crear | Villager (Male) |
| 14:44 | Crear | Villager (Male) |
| 14:52 | Construir | Farm |
| 14:53 | Construir | Farm |
| 14:55 | Construir | Farm |
| 14:56 | Construir | Farm |
| 15:04 | Crear | Villager (Male) |
| 15:08 | Investigar | Fletching |
| 15:56 | Construir | House |
| 15:57 | Construir | House |
| 17:06 | Crear | Villager (Male) |
| 17:06 | Crear | Villager (Male) |
| 17:20 | Crear | Villager (Male) |
| 17:20 | Crear | Villager (Male) |
| 17:46 | Crear | Villager (Male) |
| 17:46 | Crear | Villager (Male) |
| 17:53 | Construir | Lumber Camp |
| 17:58 | Construir | Farm |
| 18:00 | Construir | Farm |
| 18:01 | Construir | Farm |
| 18:02 | Construir | Farm |
| 18:29 | Crear | Villager (Male) |
| 18:44 | Crear | Villager (Male) |
| 18:51 | Construir | Market |
| 19:10 | Construir | Farm |
| 19:10 | Construir | Farm |
| 19:11 | Construir | Farm |
| 19:11 | Construir | Farm |
| 19:17 | Construir | House |
| 20:07 | Investigar | Castle Age |
| 20:13 | Construir | Outpost |
| 20:17 | Construir | Farm |
| 20:25 | Crear | Archer |
| 20:25 | Crear | Archer |
| 20:44 | Construir | Outpost |
| 21:35 | Construir | House |
| 22:14 | Investigar | Double-Bit Axe |
| 22:48 | Edad | Edad de los Castillos |
| 22:50 | Construir | Siege Workshop |
| 22:52 | Crear | Villager (Male) |
| 22:52 | Crear | Villager (Male) |
| 22:52 | Crear | Villager (Male) |
| 22:55 | Investigar | Town Watch |
| 23:06 | Crear | Villager (Male) |
| 23:19 | Construir | Gate |
| 23:23 | Construir | Palisade Gate |
| 23:28 | Crear | Battering Ram |
| 23:30 | Construir | Outpost |
| 23:49 | Crear | Scorpion |
| 23:53 | Construir | Outpost |
| 23:56 | Construir | Outpost |
| 24:16 | Crear | Mangonel |
| 24:21 | Crear | Villager (Male) |
| 24:21 | Crear | Villager (Male) |
| 24:22 | Crear | Villager (Male) |
| 24:33 | Construir | Outpost |
| 24:34 | Crear | Villager (Male) |
| 24:35 | Crear | Villager (Male) |
| 24:41 | Construir | Town Center |
| 24:52 | Crear | Battering Ram |
| 25:16 | Crear | Villager (Male) |
| 25:16 | Crear | Villager (Male) |
| 25:21 | Crear | Villager (Male) |
| 25:30 | Crear | Battering Ram |
| 25:54 | Construir | House |
| 25:57 | Construir | House |
| 26:42 | Crear | Mangonel |
| 26:51 | Crear | Villager (Male) |
| 26:51 | Crear | Villager (Male) |
| 26:51 | Crear | Villager (Male) |
| 27:24 | Construir | House |
| 27:25 | Crear | Villager (Male) |
| 27:25 | Crear | Villager (Male) |
| 27:25 | Crear | Villager (Male) |
| 27:26 | Crear | Villager (Male) |
| 27:36 | Crear | Mangonel |
| 28:12 | Construir | House |
| 28:33 | Crear | Villager (Male) |
| 28:34 | Crear | Villager (Male) |
| 28:34 | Crear | Villager (Male) |
| 28:38 | Construir | Farm |
| 28:39 | Construir | Farm |
| 29:04 | Crear | Mangonel |
| 29:05 | Crear | Villager (Male) |
| 29:05 | Crear | Villager (Male) |
| 29:42 | Crear | Villager (Male) |
| 30:09 | Crear | Villager (Male) |
| 30:10 | Crear | Villager (Male) |
| 30:10 | Crear | Villager (Male) |
| 30:10 | Crear | Villager (Male) |
| 30:19 | Crear | Villager (Male) |
| 30:19 | Crear | Villager (Male) |
| 30:22 | Construir | Monastery |
| 30:30 | Investigar | Bow Saw |
| 30:53 | Crear | Villager (Male) |
| 30:53 | Crear | Villager (Male) |
Build order — elajoloterana
Primeras 150 de 710 acciones detectadas
| 0:01 | Crear | Villager (Male) |
| 0:02 | Crear | Villager (Male) |
| 0:02 | Crear | Villager (Male) |
| 0:03 | Construir | House |
| 0:04 | Construir | House |
| 0:13 | Crear | Villager (Male) |
| 0:13 | Crear | Villager (Male) |
| 1:30 | Crear | Villager (Male) |
| 1:57 | Crear | Villager (Male) |
| 1:57 | Crear | Villager (Male) |
| 2:02 | Construir | Lumber Camp |
| 2:26 | Crear | Villager (Male) |
| 2:55 | Crear | Villager (Male) |
| 3:01 | Crear | Villager (Male) |
| 3:27 | Crear | Villager (Male) |
| 3:28 | Crear | Villager (Male) |
| 4:07 | Crear | Villager (Male) |
| 4:08 | Crear | Villager (Male) |
| 4:08 | Crear | Villager (Male) |
| 4:40 | Investigar | Loom |
| 4:42 | Construir | Mill |
| 4:43 | Crear | Villager (Male) |
| 4:44 | Construir | House |
| 5:15 | Crear | Villager (Male) |
| 5:20 | Crear | Villager (Male) |
| 5:21 | Crear | Villager (Male) |
| 5:23 | Crear | Villager (Male) |
| 5:23 | Crear | Villager (Male) |
| 6:33 | Crear | Villager (Male) |
| 7:43 | Investigar | Feudal Age |
| 7:55 | Construir | Barracks |
| 7:56 | Construir | House |
| 8:36 | Crear | Militia |
| 8:36 | Crear | Militia |
| 8:52 | Crear | Villager (Male) |
| 9:23 | Crear | Villager (Male) |
| 9:39 | Crear | Militia |
| 9:53 | Edad | Edad Feudal |
| 10:00 | Construir | Watch Tower |
| 10:00 | Crear | Villager (Male) |
| 10:01 | Crear | Villager (Male) |
| 10:25 | Crear | Villager (Male) |
| 10:42 | Construir | Mining Camp |
| 10:53 | Crear | Villager (Male) |
| 10:54 | Investigar | Man-at-Arms (upgrade) |
| 10:59 | Construir | House |
| 11:02 | Crear | Villager (Male) |
| 11:07 | Crear | Villager (Male) |
| 11:13 | Crear | Villager (Male) |
| 11:28 | Construir | Mining Camp |
| 11:32 | Construir | House |
| 11:38 | Crear | Villager (Male) |
| 11:48 | Crear | Villager (Male) |
| 12:00 | Construir | Watch Tower |
| 12:02 | Crear | Villager (Male) |
| 12:08 | Crear | Villager (Male) |
| 12:13 | Crear | Villager (Male) |
| 12:25 | Crear | Villager (Male) |
| 12:40 | Crear | Villager (Male) |
| 12:41 | Crear | Villager (Male) |
| 12:49 | Crear | Villager (Male) |
| 13:14 | Crear | Villager (Male) |
| 13:22 | Construir | Archery Range |
| 13:31 | Crear | Villager (Male) |
| 13:41 | Crear | Villager (Male) |
| 14:09 | Construir | Watch Tower |
| 14:10 | Crear | Villager (Male) |
| 14:46 | Crear | Skirmisher |
| 14:52 | Construir | Archery Range |
| 15:21 | Crear | Skirmisher |
| 15:22 | Crear | Skirmisher |
| 15:27 | Crear | Villager (Male) |
| 15:34 | Construir | House |
| 15:35 | Construir | House |
| 15:35 | Construir | House |
| 15:37 | Construir | Farm |
| 15:37 | Construir | Farm |
| 15:37 | Construir | Farm |
| 15:57 | Construir | House |
| 15:58 | Construir | House |
| 16:03 | Construir | House |
| 16:04 | Crear | Villager (Male) |
| 16:39 | Construir | Farm |
| 16:39 | Construir | Farm |
| 16:44 | Construir | Farm |
| 16:44 | Construir | Farm |
| 16:44 | Construir | Farm |
| 16:53 | Construir | Farm |
| 17:13 | Crear | Skirmisher |
| 17:41 | Construir | Watch Tower |
| 17:42 | Crear | Villager (Male) |
| 17:42 | Crear | Villager (Male) |
| 17:52 | Construir | Farm |
| 18:01 | Construir | Watch Tower |
| 18:07 | Crear | Skirmisher |
| 18:08 | Crear | Villager (Male) |
| 18:08 | Crear | Villager (Male) |
| 18:15 | Construir | Farm |
| 18:24 | Crear | Villager (Male) |
| 18:34 | Construir | House |
| 18:35 | Construir | Farm |
| 18:46 | Crear | Skirmisher |
| 19:02 | Crear | Villager (Male) |
| 19:30 | Crear | Villager (Male) |
| 19:31 | Crear | Villager (Male) |
| 19:35 | Construir | House |
| 19:46 | Construir | Watch Tower |
| 19:54 | Crear | Villager (Male) |
| 19:54 | Crear | Villager (Male) |
| 20:04 | Crear | Villager (Male) |
| 20:28 | Crear | Villager (Male) |
| 20:39 | Crear | Villager (Male) |
| 20:46 | Construir | Farm |
| 20:53 | Crear | Villager (Male) |
| 20:59 | Construir | Farm |
| 21:15 | Investigar | Double-Bit Axe |
| 21:19 | Construir | Farm |
| 21:20 | Crear | Villager (Male) |
| 21:45 | Crear | Villager (Male) |
| 21:51 | Construir | Market |
| 21:55 | Crear | Villager (Male) |
| 21:57 | Crear | Villager (Male) |
| 22:09 | Construir | Watch Tower |
| 22:12 | Crear | Villager (Male) |
| 22:58 | Investigar | Castle Age |
| 23:16 | Crear | Skirmisher |
| 23:26 | Construir | Blacksmith |
| 23:56 | Investigar | Fletching |
| 24:25 | Construir | Watch Tower |
| 24:37 | Crear | Skirmisher |
| 25:23 | Crear | Villager (Male) |
| 25:38 | Edad | Edad de los Castillos |
| 25:42 | Construir | Siege Workshop |
| 25:47 | Crear | Villager (Male) |
| 25:48 | Crear | Villager (Male) |
| 25:55 | Investigar | Bodkin Arrow |
| 25:56 | Crear | Villager (Male) |
| 26:00 | Crear | Mangonel |
| 26:53 | Crear | Villager (Male) |
| 27:19 | Crear | Mangonel |
| 27:36 | Construir | House |
| 27:38 | Crear | Villager (Male) |
| 27:46 | Construir | House |
| 27:57 | Construir | House |
| 28:09 | Crear | Villager (Male) |
| 28:20 | Crear | Villager (Male) |
| 28:21 | Crear | Villager (Male) |
| 28:36 | Crear | Villager (Male) |
| 29:01 | Crear | Villager (Male) |
| 29:02 | Crear | Villager (Male) |
Cronología de la partida
| 7:55 | elajoloterana · first_building Barracks |
| 8:19 | feren · first_building Barracks |
| 8:33 | feren · wall_segment Palisade Wall x9 |
| 9:53 | elajoloterana · age_up feudal |
| 10:10 | feren · age_up feudal |
| 10:13 | feren · first_building Archery Range |
| 11:04 | feren · wall_segment Palisade Wall x4 |
| 12:33 | feren · wall_segment Palisade Wall x1 |
| 13:22 | elajoloterana · first_building Archery Range |
| 20:04 | feren · first_market_buy 100 food |
| 22:20 | elajoloterana · first_market_sell 100 wood |
| 22:25 | elajoloterana · first_market_buy 100 food |
| 22:48 | feren · age_up castle |
| 22:50 | feren · first_building Siege Workshop |
| 25:38 | elajoloterana · age_up castle |
| 25:42 | elajoloterana · first_building Siege Workshop |
| 29:40 | elajoloterana · first_building Castle |
| 30:22 | feren · first_building Monastery |
| 34:46 | feren · first_building Stable |
| 37:06 | elajoloterana · first_building Stable |
| 39:13 | feren · first_building Castle |
| 42:01 | feren · age_up imperial |
| 43:23 | elajoloterana · age_up imperial |
| 63:36 | feren · first_market_sell 100 food |
| 70:03 | elajoloterana · resign |
[ ANÁLISIS IA · 1 CRÉDITO ]
¿Qué pasó realmente en esta partida?
Wolo.gg analiza cada decisión: build order, eco, micro, errores típicos por bracket. Análisis personalizado por WhatsApp o Discord en 30 segundos.
Guía civ
Japoneses
Guía mapa
Arabia
Perfil
feren